 Dungeon Crawl Stone Soup version 0.30-a0-622-gddc90eaa04 (webtiles) character file.

Game seed: 15387501745979747317

39 ragingrage the Slasher (level 3, -2/32 HPs)
             Began as a Naga Warper on Jan 10, 2023.
             Slain by a ball python (3 damage)
             ... on level 2 of the Dungeon.
             The game lasted 00:01:31 (1003 turns).

ragingrage the Slasher (Naga Warper)                Turns: 1003, Time: 00:01:31

Health: -2/32      AC:  2    Str: 13    XL:     3   Next: 45%
Magic:  6/6        EV:  9    Int: 13    God:
Gold:   0          SH:  0    Dex: 12    Spells: 6/6 levels left

rFire   . . .      SeeInvis +    a - +0 falchion
rCold   . . .      Faith    .    (no shield)
rNeg    . . .      Spirit   .    f - +0 leather armour
rPois   +          Reflect  .    (no helmet)
rElec   .          Harm     .    (no cloak)
rCorr   .          Rampage  .    (no gloves)
Will    .....                    (no barding)
Stlth   +                        (no amulet)
HPRegen 0.25/turn                (no ring)
MPRegen 0.10/turn                (no ring)

@: brilliant, lethally poisoned (-2 -> -4), flying, very slow
A: AC +1, large, see invisible, deformed body, poison resistance, slowness 2,
spit poison 1, naga tail 1
a: Spit Poison


You were on level 2 of the Dungeon.
You visited 1 branch of the dungeon, and saw 2 of its levels.

Inventory:

Hand Weapons
 a - a +0 falchion (weapon)
 b - a +0 rapier
Missiles
 d - a boomerang of dispersal (quivered)
Armour
 f - a +0 leather armour (worn)
Scrolls
 c - a scroll of blinking
 e - a scroll of vulnerability {unknown}
 i - a scroll of identify {unknown}


   Skills:
 - Level 2.0 Fighting
 + Level 3.7 Long Blades
 - Level 0.8 Throwing
 - Level 0.7 Armour
 - Level 1.5 Dodging
 + Level 0.1 Stealth
 - Level 2.0 Spellcasting
 - Level 3.0 Translocations


You had 6 spell levels left.
You didn't know any spells.
Your spell library contained the following spells:

 Spells                   Type           Power      Damage    Failure   Level
 Blink                    Tloc           26%        N/A       14%         2
 Lesser Beckoning         Tloc           26%        N/A       28%         3
 Teleport Other           Tloc           13%        N/A       28%         3
 Vhi's Electric Charge    Tloc/Air       14%        N/A       45%         3
 Manifold Assault         Tloc           13%        N/A       67%         4


Dungeon Overview and Level Annotations

Branches:
Dungeon (2/15)

Altars:

Shops:
D:1 ?


Innate Abilities, Weirdness & Mutations

Your serpentine skin is tough. (AC +1)
You have supernaturally acute eyesight. (SInv)
Armour fits poorly on your strangely shaped body.
Your system is resistant to poisons. (rPois)
You cover ground very slowly.
You can spit poison.
You have a snake-like lower body.


Message History

The ball python attacks as you move away!
The ball python closely misses you.
You feel very sick.
The giant cockroach attacks as you move away!
The giant cockroach bites you but does no damage.
You feel very sick. The adder closely misses you.
It was a potion of flight.
You feel very buoyant.
You fly up into the air.
You feel sick. The adder bites you.
You are more poisoned.
The adder poisons you!
It was a potion of brilliance.
You feel clever all of a sudden.
You feel sick. The adder bites you.
You barely miss the adder.
The adder is moderately wounded.
You feel sick. The adder bites you. The ball python closely misses you.
The adder barely misses you.
You hit the adder.
The adder is heavily wounded.
You feel sick. The ball python bites you.
* * * LOW HITPOINT WARNING * * *
The adder bites you.
* * * LOW HITPOINT WARNING * * *
The ball python misses you.
You hit the adder.
The adder is almost dead.
You feel sick. The adder misses you. The ball python bites you.
* * * LOW HITPOINT WARNING * * *
The adder bites you but does no damage.
You barely miss the adder.
The adder is almost dead.
You feel sick. The ball python barely misses you. The adder barely misses you.
You miss the adder.
The adder is almost dead.
You feel sick. The adder closely misses you. The ball python bites you.
* * * LOW HITPOINT WARNING * * *
The adder closely misses you. The ball python bites you.
You die...

#.#.# #.......##.# #.#.#
#.........#
##.#.###......>.##
#..#.#........###.
##.##.#.#......# .8
##.##..##>..#.....##.8.
..~........†......##.8.#
............S....##.8S#
~♣~#..#####@#....#.8.#
≈. #.# ##S#.##..8.# . #.
#.B..##.S.## #.
#..#.###..## .....#.#
..## ......#.# #S#
.......... ..#
........#. ..# ........
....#


You could see an adder, a giant cockroach and a ball python.

Vanquished Creatures
  A gnoll (D:1)
  2 ball pythons
  3 bats (D:1)
  4 endoplasms
  3 goblins (D:1)
  5 hobgoblins
  A quokka (D:1)
  3 frilled lizards (D:1)
  2 kobolds
  A rat (D:1)
25 creatures vanquished.

Notes
Turn   | Place    | Note
-------+----------+-------------------------------------------
     0 | D:1      | ragingrage the Naga Warper began the quest for the Orb.
     0 | D:1      | Reached XP level 1. HP: 19/19 MP: 3/3
    24 | D:1      | Reached XP level 2. HP: 8/26 MP: 5/5
   523 | D:1      | Found Tunolic's Magic Scroll Emporium.
   650 | D:1      | Reached XP level 3. HP: 17/32 MP: 6/6
   707 | D:1      | HP: 1/32 [gnoll/+0 spear (5)]
  1003 | D:2      | HP: 1/32 [ball python (3)]
  1003 | D:2      | Slain by a ball python

Illustrated notes

Levels and vault maps discovered:
D:1:      giann_bridges, layout_rooms, serial_shops, nicolae_square_shop
D:2:      minmay_inner_zag, layout_rooms, serial_rivers,
          chequers_serial_rivers_marsh, chequers_serial_rivers_micro_c,
          chequers_serial_rivers_small_b, chequers_serial_rivers_marsh,
          serial_shops, shop, basic_altar

Skill      XL: |  1  2 |
---------------+-------+-----
Long Blades    | 3 |  3.7
Fighting       | |  2.0
Throwing       | |  0.8
Armour         | |  0.7
Dodging        | |  1.5
Stealth        | |  0.1
Spellcasting   | |  2.0
Translocations | |  3.0

Action                   || total
-------------------------++-------
Melee: Falchion          ||    70
Throw: Boomerang         ||     6
 Abil: Spit Poison       ||    11
  Use: Potion            ||     4
Armor: Leather armour    ||    24
Dodge: Dodged            ||    53

Table legend: (Time is in decaauts)
 A = Elapsed time spent in this place.
 B = Non-inter-level travel time spent in this place.
 C = Inter-level travel time spent in this place.
 D = Time resting spent in this place.
 E = Time spent auto-exploring this place.
 F = Levels seen in this place.
 G = Mean time per level.
                   A        B        C        D        E       F      G
               +--------+--------+--------+--------+--------+-----+--------+
         Total |   1158 |   1158 |      0 |    483 |    397 |   2 |  579.0 |
       Dungeon |   1158 |   1158 |      0 |    483 |    397 |   2 |  579.0 |
               +--------+--------+--------+--------+--------+-----+--------+

Top non-repeatable levels by time:
     D:1: 839 daAuts
     D:2: 318 daAuts
